| TOP OF THE 1ST |
|
San Francisco (APP) Giants batting - Pitching for Washington (APP) Nationals : LHP Ed Thorpe Jr.
|
|
Pitching: LHP Ed Thorpe Jr.
|
|
|
Batting: LHB Eddie Lemus
|
0-0: Called Strike 0-1: Called Strike 0-2: Strikes out swinging
|
|
Batting: LHB Kuan Hsia
|
0-0: Ball 1-0: Called Strike 1-1: Swinging Strike 1-2: Strikes out swinging
|
|
Batting: RHB Joey Black
|
0-0: Swinging Strike 0-1: Ball 1-1: Ground out 4-3 (Groundball, 13, EV 90.6 MPH)
|
| Top of the 1st over - 0 runs, 0 hits, 0 errors, 0 left on base; San Francisco (APP) 0 - Washington (APP) 0 |
| BOTTOM OF THE 1ST |
|
Washington (APP) Nationals batting - Pitching for San Francisco (APP) Giants : RHP Corey Foster
|
|
Pitching: RHP Corey Foster
|
|
|
Batting: RHB Taffounnout Kame
|
0-0: Ball 1-0: Ball 2-0: Called Strike 2-1: Ground out 6-3 (Groundball, 6, EV 85.6 MPH)
|
|
Batting: RHB Lamar Thornton
|
0-0: Ball 1-0: Called Strike 1-1: Called Strike 1-2: Ball 2-2: Ball 3-2: SOLO HOME RUN (Line Drive, 7D, EV 108.1 MPH), Distance : 405 ft
|
|
Batting: RHB Justin Davenport
|
0-0: Ball 1-0: Swinging Strike 1-1: Ball 2-1: Ball 3-1: Base on Balls
|
|
Batting: RHB Er Le
|
0-0: SINGLE (Line Drive, 34, EV 105.6 MPH) Justin Davenport to second
|
|
Batting: RHB Steve Kunselman
|
0-0: Ball 1-0: Called Strike 1-1: Ball 2-1: Foul Ball, location: 2F 2-2: Foul Ball, location: 2F 2-2: Fly out, F6 (Line Drive, 6D, EV 68.1 MPH)
|
|
Pitching: LHP Ken Cromsie
|
|
|
Batting: RHB Aaron Bateman
|
0-0: Ball Wild Pitch! Justin Davenport to third Er Le to second 1-0: Fly out, F9 (Flyball, 9S, EV 75.6 MPH)
|
| Bottom of the 1st over - 1 run, 2 hits, 0 errors, 2 left on base; San Francisco (APP) 0 - Washington (APP) 1 |
| TOP OF THE 2ND |
|
San Francisco (APP) Giants batting - Pitching for Washington (APP) Nationals : LHP Ed Thorpe Jr.
|
|
Batting: RHB Ricky Aguilar
|
0-0: Fly out, F3 (Popup, 3SF, EV 83.8 MPH)
|
|
Batting: RHB Chris Kulik
|
0-0: Foul Ball, location: 2F 0-1: Ground out 4-3 (Groundball, 4, EV 90.6 MPH)
|
|
Batting: RHB Azeem bin Zuhair
|
0-0: Ball 1-0: Foul Ball, location: 2F 1-1: Swinging Strike 1-2: Strikes out looking
|
| Top of the 2nd over - 0 runs, 0 hits, 0 errors, 0 left on base; San Francisco (APP) 0 - Washington (APP) 1 |
| BOTTOM OF THE 2ND |
|
Washington (APP) Nationals batting - Pitching for San Francisco (APP) Giants : LHP Ken Cromsie
|
|
Batting: SHB Ed Thorpe Jr.
|
0-0: Called Strike 0-1: Called Strike 0-2: TRIPLE (Flyball, 78XD, EV 108.1 MPH)
|
|
Batting: RHB Justin Van Houten
|
0-0: Called Strike 0-1: 2-RUN HOME RUN (Flyball, 7D, EV 98.8 MPH), Distance : 395 ft
|
|
Batting: RHB Jason Ewert
|
0-0: Swinging Strike 0-1: Ball 1-1: SINGLE (Groundball, 25, EV 68.8 MPH) (infield hit)
|
|
Batting: RHB Taffounnout Kame
|
0-0: Foul Ball, location: 2F 0-1: Ball 1-1: SINGLE (Groundball, 34D, EV 103.8 MPH) (infield hit) Jason Ewert to second
|
|
Batting: RHB Lamar Thornton
|
0-0: Ball 1-0: Ball 2-0: Called Strike 2-1: Ball 3-1: Base on Balls Jason Ewert to third Taffounnout Kame to second
|
|
Pitching: RHP Newt Reid
|
|
|
Batting: RHB Justin Davenport
|
0-0: Ball 1-0: Foul Ball, location: 2F 1-1: Swinging Strike 1-2: Foul Ball, location: 2F 1-2: Foul Ball, location: 2F 1-2: Ball 2-2: Fielders Choice at 2nd, 6-4 (Groundball, 6, EV 90.6 MPH) Jason Ewert scores Taffounnout Kame to third
|
|
Batting: RHB Er Le
|
0-0: Ball Passed Ball! Taffounnout Kame scores Justin Davenport to second 1-0: Called Strike 1-1: Ball Passed Ball! Justin Davenport to third 2-1: SINGLE (Line Drive, 9LS, EV 97.5 MPH) Justin Davenport scores
|
|
Batting: RHB Steve Kunselman
|
0-0: Ball Er Le steals 2nd base 1-0: 2-RUN HOME RUN (Line Drive, 7D, EV 107.5 MPH), Distance : 422 ft
|
|
Batting: RHB Aaron Bateman
|
0-0: Fly out, F9 (Flyball, 9LS, EV 93.1 MPH)
|
|
Batting: SHB Ed Thorpe Jr.
|
0-0: Foul Ball, location: 2F 0-1: SINGLE (Line Drive, 6MD, EV 102.5 MPH)
|
|
Batting: RHB Justin Van Houten
|
0-0: Called Strike Ed Thorpe Jr. steals 2nd base 0-1: Swinging Strike 0-2: Strikes out swinging
|
| Bottom of the 2nd over - 7 runs, 7 hits, 0 errors, 1 left on base; San Francisco (APP) 0 - Washington (APP) 8 |
| TOP OF THE 3RD |
|
San Francisco (APP) Giants batting - Pitching for Washington (APP) Nationals : LHP Ed Thorpe Jr.
|
|
Batting: RHB Rúbem Trancoso
|
0-0: Ball 1-0: Called Strike 1-1: Swinging Strike 1-2: Strikes out swinging
|
|
Batting: RHB Danny Estrada
|
0-0: Foul Ball, location: 2F 0-1: Ball 1-1: Ball 2-1: Ball 3-1: Called Strike 3-2: Base on Balls
|
|
Batting: SHB Justin Tidwell
|
0-0: Bunt missed! 0-1: Bunt missed! 0-2: Bunt missed, Strikeout!
|
|
Batting: LHB Eddie Lemus
|
0-0: Foul Ball, location: 2F 0-1: Called Strike 0-2: Strikes out swinging
|
| Top of the 3rd over - 0 runs, 0 hits, 0 errors, 1 left on base; San Francisco (APP) 0 - Washington (APP) 8 |
| BOTTOM OF THE 3RD |
|
Washington (APP) Nationals batting - Pitching for San Francisco (APP) Giants : RHP Newt Reid
|
|
Pitching: RHP Sam Green
|
|
|
Batting: RHB Jason Ewert
|
0-0: Called Strike 0-1: Ball 1-1: Fly out, F8 (Flyball, 8RD, EV 85.0 MPH)
|
|
Batting: RHB Taffounnout Kame
|
0-0: Ball 1-0: Ball 2-0: Foul Ball, location: 2F 2-1: Foul Ball, location: 2F 2-2: Ball 3-2: Base on Balls
|
|
Batting: RHB Lamar Thornton
|
0-0: Called Strike Taffounnout Kame steals 2nd base 0-1: Called Strike 0-2: Ball 1-2: Ball Passed Ball! Taffounnout Kame to third 2-2: Ball 3-2: Base on Balls
|
|
Batting: RHB Justin Davenport
|
0-0: Called Strike Lamar Thornton steals 2nd base 0-1: Ball 1-1: Ball Passed Ball! Taffounnout Kame scores Lamar Thornton to third 2-1: Ball Passed Ball! Lamar Thornton scores 3-1: Base on Balls
|
|
Pitching: RHP Conrad van Gemert
|
|
|
Batting: RHB Er Le
|
0-0: Ball Passed Ball! Justin Davenport to second 1-0: Called Strike 1-1: Called Strike 1-2: SINGLE (Line Drive, 6D, EV 93.8 MPH) Justin Davenport to third
|
|
Batting: RHB Steve Kunselman
|
0-0: Ball Wild Pitch! Justin Davenport scores Er Le to second 1-0: Ball 2-0: Foul Ball, location: 2F 2-1: Swinging Strike 2-2: Ball 3-2: Reached on error, E4 (Groundball, 4, EV 86.9 MPH) Er Le to third
|
|
Batting: RHB Aaron Bateman
|
0-0: Called Strike 0-1: DOUBLE (Line Drive, 89D, EV 98.1 MPH) Er Le scores Steve Kunselman to third
|
|
Batting: SHB Ed Thorpe Jr.
|
0-0: Called Strike 0-1: Ball 1-1: Ball 2-1: Ball 3-1: Base on Balls
|
|
Batting: RHB Justin Van Houten
|
0-0: Called Strike 0-1: Called Strike 0-2: Ball Passed Ball! Steve Kunselman scores Aaron Bateman to third Ed Thorpe Jr. to second 1-2: Foul Ball, location: 2F 1-2: Ball Wild Pitch! Aaron Bateman scores Ed Thorpe Jr. to third 2-2: Foul Ball, location: 2F 2-2: SINGLE (Line Drive, 8RS, EV 98.1 MPH) Ed Thorpe Jr. scores
|
|
Pitching: RHP Russ Hudson
|
|
|
Batting: RHB Jason Ewert
|
0-0: Ball 1-0: Called Strike 1-1: Ball 2-1: Swinging Strike 2-2: Ball 3-2: Base on Balls Justin Van Houten to second
|
|
Batting: RHB Taffounnout Kame
|
0-0: Ball 1-0: Foul Ball, location: 2F 1-1: Fielders Choice at 2nd, 6-4 (Groundball, 6, EV 87.5 MPH) Justin Van Houten to third
|
|
Batting: RHB Lamar Thornton
|
0-0: Ball 1-0: Ball 2-0: Foul Ball, location: 2F 2-1: Ball 3-1: Called Strike 3-2: SINGLE (Line Drive, 89S, EV 93.1 MPH) Justin Van Houten scores Taffounnout Kame to second Taffounnout Kame to third
|
|
Batting: RHB Justin Davenport
|
0-0: Ground out U3 (Groundball, 34S, EV 84.4 MPH)
|
| Bottom of the 3rd over - 8 runs, 4 hits, 1 error, 2 left on base; San Francisco (APP) 0 - Washington (APP) 16 |
| TOP OF THE 4TH |
|
San Francisco (APP) Giants batting - Pitching for Washington (APP) Nationals : LHP Ed Thorpe Jr.
|
|
Batting: LHB Kuan Hsia
|
0-0: Called Strike 0-1: Swinging Strike 0-2: Strikes out looking
|
|
Batting: RHB Joey Black
|
0-0: Foul Ball, location: 2F 0-1: Swinging Strike 0-2: Strikes out swinging
|
|
Batting: RHB Ricky Aguilar
|
0-0: Ball 1-0: Ball 2-0: Foul Ball, location: 2F 2-1: Foul Ball, location: 2F 2-2: Strikes out looking
|
| Top of the 4th over - 0 runs, 0 hits, 0 errors, 0 left on base; San Francisco (APP) 0 - Washington (APP) 16 |
| BOTTOM OF THE 4TH |
|
Washington (APP) Nationals batting - Pitching for San Francisco (APP) Giants : RHP Russ Hudson
|
|
Batting: RHB Er Le
|
0-0: Called Strike 0-1: Swinging Strike 0-2: Ball 1-2: Strikes out swinging
|
|
Batting: RHB Steve Kunselman
|
0-0: Ball 1-0: Called Strike 1-1: Ball 2-1: Called Strike 2-2: Foul Ball, location: 2F 2-2: Foul Ball, location: 2F 2-2: Foul Ball, location: 2F 2-2: Ball 3-2: DOUBLE (Flyball, 78XD, EV 110.0 MPH)
|
|
Batting: RHB Aaron Bateman
|
0-0: Ball 1-0: Called Strike 1-1: Foul Ball, location: 2F 1-2: Foul Ball, location: 2F 1-2: Fly out, F8 (Flyball, 8RS, EV 92.5 MPH)
|
|
Batting: SHB Ed Thorpe Jr.
|
0-0: Ball 1-0: Foul Ball, location: 2F 1-1: 2-RUN HOME RUN (Flyball, 7D, EV 101.9 MPH), Distance : 407 ft
|
|
Batting: RHB Justin Van Houten
|
0-0: Ball 1-0: Ball 2-0: Ball 3-0: Called Strike 3-1: Foul Ball, location: 2F 3-2: Base on Balls
|
|
Batting: RHB Jason Ewert
|
0-0: Ball 1-0: Ball Wild Pitch! Justin Van Houten to second 2-0: Ball Wild Pitch! Justin Van Houten to third 3-0: Base on Balls
|
|
Batting: RHB Taffounnout Kame
|
0-0: Foul Ball, location: 2F 0-1: Ball 1-1: Foul Ball, location: 2F 1-2: Ball Passed Ball! Justin Van Houten scores Jason Ewert to second 2-2: Ball 3-2: Base on Balls
|
|
Batting: RHB Lamar Thornton
|
0-0: Ball 1-0: Swinging Strike 1-1: Ball 2-1: Ball 3-1: Base on Balls Jason Ewert to third Taffounnout Kame to second
|
|
Batting: RHB Justin Davenport
|
0-0: Foul Ball, location: 2F 0-1: Swinging Strike 0-2: Ball Wild Pitch! Jason Ewert scores Taffounnout Kame to third Lamar Thornton to second 1-2: Foul Ball, location: 2F 1-2: Ball Passed Ball! Taffounnout Kame scores Lamar Thornton to third 2-2: Foul Ball, location: 2F 2-2: Ball 3-2: Foul Ball, location: 2F 3-2: Base on Balls
|
|
Batting: RHB Er Le
|
0-0: Ball 1-0: Swinging Strike 1-1: Ball Passed Ball! Lamar Thornton scores Justin Davenport to second 2-1: Ball 3-1: Base on Balls
|
|
Batting: RHB Steve Kunselman
|
0-0: Called Strike 0-1: SINGLE (Line Drive, 4MD, EV 96.9 MPH) Justin Davenport to third Er Le to second Runner from 3rd tries for Home, SAFE, throw by CF to home
|
|
Batting: RHB Aaron Bateman
|
0-0: SINGLE (Flyball, 4D, EV 95.0 MPH) Er Le to third Steve Kunselman to second Runner from 3rd tries for Home, SAFE, throw by CF to home
|
|
Batting: SHB Ed Thorpe Jr.
|
0-0: Ball Passed Ball! Steve Kunselman to third Aaron Bateman to second 1-0: Ball Passed Ball! Steve Kunselman scores Aaron Bateman to third 2-0: Ball 3-0: Called Strike 3-1: Base on Balls
|
|
Batting: RHB Justin Van Houten
|
0-0: Called Strike 0-1: Called Strike 0-2: Foul Ball, location: 2F 0-2: Strikes out swinging
|
| Bottom of the 4th over - 9 runs, 4 hits, 0 errors, 2 left on base; San Francisco (APP) 0 - Washington (APP) 25 |
| TOP OF THE 5TH |
|
San Francisco (APP) Giants batting - Pitching for Washington (APP) Nationals : LHP Ed Thorpe Jr.
|
|
Batting: RHB Chris Kulik
|
0-0: Ball 1-0: Foul Ball, location: 2F 1-1: Fly out, F9 (Flyball, 9LD, EV 86.2 MPH)
|
|
Batting: RHB Azeem bin Zuhair
|
0-0: Ball 1-0: Foul Ball, location: 2F 1-1: Ground out 1-3 (Groundball, 34S, EV 70.0 MPH)
|
|
Batting: RHB Rúbem Trancoso
|
0-0: Swinging Strike 0-1: Swinging Strike 0-2: Ball 1-2: Strikes out swinging, 2-3 out at first.
|
| Top of the 5th over - 0 runs, 0 hits, 0 errors, 0 left on base; San Francisco (APP) 0 - Washington (APP) 25 |
| BOTTOM OF THE 5TH |
|
Washington (APP) Nationals batting - Pitching for San Francisco (APP) Giants : RHP Russ Hudson
|
|
Batting: RHB Jason Ewert
|
0-0: Ball 1-0: Reached on error, E4 (Groundball, 4, EV 80.0 MPH)
|
|
Batting: RHB Taffounnout Kame
|
0-0: DOUBLE (Line Drive, 9LS, EV 94.4 MPH) Jason Ewert to third
|
|
Batting: RHB Lamar Thornton
|
0-0: Called Strike 0-1: Swinging Strike 0-2: Ball 1-2: SINGLE (Groundball, 56D, EV 107.5 MPH) Jason Ewert scores Taffounnout Kame to third
|
|
Batting: RHB Justin Davenport
|
0-0: Ball 1-0: Fielders Choice at 2nd, 5-4 (Groundball, 5, EV 85.6 MPH) Taffounnout Kame scores
|
|
Batting: RHB Er Le
|
0-0: Foul Ball, location: 2F 0-1: Fly out, F3 (Line Drive, 34, EV 66.2 MPH)
|
|
Batting: RHB Steve Kunselman
|
0-0: Ball 1-0: Fly out, F7 (Flyball, 7D, EV 81.9 MPH)
|
| Bottom of the 5th over - 2 runs, 2 hits, 1 error, 1 left on base; San Francisco (APP) 0 - Washington (APP) 27 |
| TOP OF THE 6TH |
|
San Francisco (APP) Giants batting - Pitching for Washington (APP) Nationals : LHP Ed Thorpe Jr.
|
|
Batting: RHB Danny Estrada
|
0-0: Ball 1-0: Called Strike 1-1: Ball 2-1: Foul Ball, location: 2F 2-2: Foul Ball, location: 2F 2-2: Strikes out swinging
|
|
Batting: SHB Justin Tidwell
|
0-0: Called Strike 0-1: Ball 1-1: Ball 2-1: Swinging Strike 2-2: Strikes out swinging
|
|
Batting: LHB Eddie Lemus
|
0-0: Ball 1-0: SINGLE (Groundball, 25, EV 70.6 MPH) (infield hit)
|
|
Batting: LHB Kuan Hsia
|
0-0: SINGLE (Groundball, 6D, EV 104.4 MPH) Eddie Lemus to second
|
|
Batting: RHB Joey Black
|
0-0: Called Strike 0-1: Called Strike 0-2: Strikes out swinging
|
| Top of the 6th over - 0 runs, 2 hits, 0 errors, 2 left on base; San Francisco (APP) 0 - Washington (APP) 27 |
| BOTTOM OF THE 6TH |
|
Washington (APP) Nationals batting - Pitching for San Francisco (APP) Giants : RHP Russ Hudson
|
|
Batting: RHB Aaron Bateman
|
0-0: Fly out, F8 (Flyball, 8LD, EV 89.4 MPH)
|
|
Batting: SHB Ed Thorpe Jr.
|
0-0: Foul Ball, location: 2F 0-1: Ground out 4-3 (Groundball, 4S, EV 78.8 MPH)
|
|
Batting: RHB Justin Van Houten
|
0-0: Ball 1-0: Ball 2-0: Ball 3-0: Base on Balls
|
|
Batting: RHB Jason Ewert
|
0-0: Ball 1-0: Ball 2-0: Foul Ball, location: 2F 2-1: SINGLE (Line Drive, 4MD, EV 99.4 MPH) Justin Van Houten to second
|
|
Batting: RHB Taffounnout Kame
|
0-0: Fly out, F8 (Flyball, 8LM, EV 90.0 MPH)
|
| Bottom of the 6th over - 0 runs, 1 hit, 0 errors, 2 left on base; San Francisco (APP) 0 - Washington (APP) 27 |
| TOP OF THE 7TH |
|
San Francisco (APP) Giants batting - Pitching for Washington (APP) Nationals : LHP Ed Thorpe Jr.
|
|
Batting: RHB Ricky Aguilar
|
0-0: Ball 1-0: Ball 2-0: Ground out 5-3 (Groundball, 56, EV 79.4 MPH)
|
|
Batting: RHB Chris Kulik
|
0-0: Ball 1-0: Ball 2-0: Ball 3-0: Base on Balls
|
|
Batting: RHB Azeem bin Zuhair
|
0-0: Called Strike 0-1: Ball 1-1: Called Strike 1-2: Ball 2-2: Strikes out swinging
|
|
Batting: RHB Rúbem Trancoso
|
0-0: Ball 1-0: Foul Ball, location: 2F 1-1: Swinging Strike 1-2: Strikes out looking
|
| Top of the 7th over - 0 runs, 0 hits, 0 errors, 1 left on base; San Francisco (APP) 0 - Washington (APP) 27 |
| BOTTOM OF THE 7TH |
|
Washington (APP) Nationals batting - Pitching for San Francisco (APP) Giants : RHP Russ Hudson
|
|
Pinch Hitting: RHB Chad Madsen
|
0-0: Called Strike 0-1: Fly out, F9 (Flyball, 9S, EV 78.1 MPH)
|
|
Batting: RHB Justin Davenport
|
0-0: Foul Ball, location: 2F 0-1: Ground out 6-3 (Groundball, 6, EV 84.4 MPH)
|
|
Pinch Hitting: LHB Mike Hamilton
|
0-0: Fly out, F9 (Flyball, 89M, EV 96.9 MPH)
|
| Bottom of the 7th over - 0 runs, 0 hits, 0 errors, 0 left on base; San Francisco (APP) 0 - Washington (APP) 27 |
| TOP OF THE 8TH |
|
San Francisco (APP) Giants batting - Pitching for Washington (APP) Nationals : LHP Ed Thorpe Jr.
|
|
Now at C: Mike Hamilton
|
|
|
Now at 1B: Justin Davenport
|
|
|
Now in LF: Chad Madsen
|
|
|
Now in RF: Justin Van Houten
|
|
|
Batting: RHB Danny Estrada
|
0-0: Ball 1-0: Foul Ball, location: 2F 1-1: Ball 2-1: Ball 3-1: Base on Balls
|
|
Pitching: RHP Omar Perez
|
|
|
Batting: SHB Justin Tidwell
|
0-0: Bunt missed! 0-1: Sac Bunt to P - play at first, batter OUT! 1-4 Danny Estrada to second
|
|
Batting: LHB Eddie Lemus
|
0-0: Foul Ball, location: 2F 0-1: Ball 1-1: Ball 2-1: SINGLE (Line Drive, 9S, EV 111.9 MPH) Danny Estrada to third
|
|
Batting: LHB Kuan Hsia
|
0-0: Ball 1-0: Called Strike 1-1: DOUBLE (Groundball, 3L, EV 103.8 MPH) Danny Estrada scores Eddie Lemus to third
|
|
Batting: RHB Joey Black
|
0-0: Ball 1-0: Called Strike 1-1: Called Strike 1-2: Strikes out swinging
|
|
Batting: RHB Ricky Aguilar
|
0-0: Ground out 6-3 (Groundball, 56, EV 77.5 MPH)
|
| Top of the 8th over - 1 run, 2 hits, 0 errors, 2 left on base; San Francisco (APP) 1 - Washington (APP) 27 |
| BOTTOM OF THE 8TH |
|
Washington (APP) Nationals batting - Pitching for San Francisco (APP) Giants : RHP Russ Hudson
|
|
Batting: RHB Steve Kunselman
|
0-0: Fly out, F7 (Flyball, 78S, EV 81.9 MPH)
|
|
Batting: RHB Aaron Bateman
|
0-0: Foul Ball, location: 2F 0-1: Fly out, F5 (Line Drive, 56, EV 68.1 MPH)
|
|
Batting: SHB Ed Thorpe Jr.
|
0-0: Called Strike 0-1: Ball 1-1: Ball 2-1: Ball 3-1: Swinging Strike 3-2: Base on Balls
|
|
Batting: RHB Justin Van Houten
|
0-0: Ball Wild Pitch! Ed Thorpe Jr. to second 1-0: Called Strike 1-1: Ground out 5-3 (Groundball, 56S, EV 92.5 MPH)
|
| Bottom of the 8th over - 0 runs, 0 hits, 0 errors, 1 left on base; San Francisco (APP) 1 - Washington (APP) 27 |
| TOP OF THE 9TH |
|
San Francisco (APP) Giants batting - Pitching for Washington (APP) Nationals : RHP Omar Perez
|
|
Batting: RHB Chris Kulik
|
0-0: Called Strike 0-1: Fly out, F7 (Flyball, 7, EV 90.0 MPH)
|
|
Batting: RHB Azeem bin Zuhair
|
0-0: Ball 1-0: Foul Ball, location: 2F 1-1: SINGLE (Groundball, 56D, EV 105.6 MPH)
|
|
Batting: RHB Rúbem Trancoso
|
0-0: Ball 1-0: Foul Ball, location: 2F 1-1: Foul Ball, location: 2F 1-2: Ball 2-2: Strikes out swinging
|
|
Batting: RHB Danny Estrada
|
0-0: Ball 1-0: Called Strike 1-1: Swinging Strike 1-2: Foul Ball, location: 2F 1-2: Strikes out swinging
|
| Top of the 9th over - 0 runs, 1 hit, 0 errors, 1 left on base; San Francisco (APP) 1 - Washington (APP) 27 |
|